 Dungeon Crawl Stone Soup version 0.31-a0-188-g5e087ee2ca (webtiles) character file.

Game seed: 2633471386709026347

58385 Anon1729 the Fighter (level 14, -1/132 HPs)
             Began as a Minotaur Monk on June 23, 2023.
             Was an Elder of Uskayaw.
             Slain by a komodo dragon (4 damage)
             ... on level 5 of the Lair of Beasts.
             The game lasted 00:15:45 (17903 turns).

Anon1729 the Fighter (Minotaur Monk)               Turns: 17903, Time: 00:15:45

Health: -1/132     AC: 19    Str: 19    XL:     14   Next: 49%
Magic:  15/21      EV: 20    Int:  7    God:    Uskayaw [****..]
Gold:   1200       SH:  0    Dex: 18    Spells: 13/13 levels left

rFire   + . .        X - +4 short sword (venom)
rCold   + . .        d - orb {light}
rNeg    + . .        J - +5 chain mail "Pizej" {rF+ rN+ Str+3}
rPois   .            (helmet restricted)
rElec   .            m - scarf {harm}
rCorr   .            (no gloves)
SInv    .            u - +0 pair of boots
Will    +....        L - amulet of regeneration Stlth
                     g - +5 ring of evasion
HPRegen 1.22/turn    n - ring of protection from cold
MPRegen 0.17/turn

%: harm (+30% outgoing, +20% incoming)
@: glowing
A: horns 2, retaliatory headbutt
a: Renounce Religion, Stomp, Line Pass


You were on level 5 of the Lair of Beasts.
You worshipped Uskayaw.
Uskayaw was aware of your devotion.
You visited 3 branches of the dungeon, and saw 19 of its levels.
You also visited: Ossuary and Bailey.

You collected 1350 gold pieces.
You spent 150 gold pieces at shops.

Inventory:

Hand Weapons
 X - a +4 short sword of venom (weapon)
Missiles
 a - 6 throwing nets
 j - 5 atropa-tipped darts
 y - 9 curare-tipped darts
Armour
 d - an orb of light (worn)
 m - a scarf of harm (worn)
 u - a +0 pair of boots (worn)
 J - the +5 chain mail "Pizej" (worn) {rF+ rN+ Str+3}
   (You found it on level 13 of the Dungeon)

   Str:       It affects your strength (+3).
   rF:        It protects you from fire.
   rN:        It protects you from negative energy.
 W - a scarf of resistance
Jewellery
 g - a +5 ring of evasion (left hand)
 n - a ring of protection from cold (right hand)
 r - an amulet of magic regeneration
 B - a ring of resist corrosion
 K - a ring of poison resistance
 L - an amulet of regeneration (around neck)
 N - a ring of magical power
 U - a ring of positive energy
Wands
 x - a wand of flame (42)
 M - a wand of quicksilver (6)
 T - a wand of mindburst (26)
 Z - a wand of roots (5)
Scrolls
 h - 4 scrolls of blinking
 i - 2 scrolls of poison
 k - a scroll of fog
 l - 10 scrolls of teleportation
 o - 2 scrolls of fear
 t - 4 scrolls of enchant armour
 v - 4 scrolls of revelation
 C - a scroll of silence
 D - 8 scrolls of summoning
 H - 2 scrolls of vulnerability
 O - a scroll of brand weapon
 S - 5 scrolls of enchant weapon
 V - a scroll of immolation {unknown}
Potions
 c - a potion of ambrosia
 f - 4 potions of might
 p - 11 potions of curing
 s - 11 potions of heal wounds
 w - 5 potions of attraction
 z - 5 potions of enlightenment
 A - a potion of berserk rage
 E - 3 potions of magic {unknown}
 G - 4 potions of lignification {unknown}
 I - a potion of resistance {unknown}
 P - 3 potions of invisibility {unknown}
 Q - 2 potions of haste {unknown}
 R - 2 potions of mutation {unknown}
 Y - a potion of cancellation {unknown}
Miscellaneous
 b - a phial of floods
 e - a sack of spiders
 q - a tin of tremorstones (2/2)
 F - a phantom mirror


   Skills:
 + Level 14.1 Fighting
 + Level 13.0 Short Blades
 + Level 13.5 Armour
 + Level 12.9 Dodging
 + Level 11.4 Invocations
 + Level 4.7 Evocations


You had 13 spell levels left.
You didn't know any spells.
Your spell library contained the following spells:

 Spells                   Type           Power      Damage    Failure   Level
 Apportation              Tloc           0%         N/A       93%         1
 Summon Small Mammal      Summ           0%         N/A       93%         1
 Lesser Beckoning         Tloc           0%         N/A       98%         2
 Call Canine Familiar     Summ           0%         N/A       100%        3
 Dazzling Flash           Conj/Hex       0%         N/A       100%        3
 Frozen Ramparts          Ice            0%         1d1       100%        3
 Gell's Gravitas          Tloc           0%         N/A       100%        3
 Ozocubu's Armour         Ice            0%         N/A       100%        3
 Summon Guardian Golem    Hex/Summ       0%         N/A       100%        3
 Teleport Other           Tloc           0%         N/A       100%        3
 Vhi's Electric Charge    Tloc/Air       0%         N/A       100%        3
 Volatile Blastmotes      Fire/Tloc      0%         2d10      100%        3
 Ice Form                 Ice/Tmut       0%         N/A       100%        4
 Iskenderun's Mystic Bla  Conj/Tloc      0%         2d3       100%        4
 Petrify                  Tmut/Erth      0%         N/A       100%        4
 Summon Ice Beast         Ice/Summ       0%         N/A       100%        4
 Alistair's Intoxication  Tmut/Pois      0%         N/A       100%        5
 Arcjolt                  Conj/Air       0%         1d10      100%        5
 Blade Hands              Tmut           0%         N/A       100%        5
 Irradiate                Conj/Tmut      0%         3d11      100%        5
 Metabolic Englaciation   Hex/Ice        0%         N/A       100%        5
 Simulacrum               Ice/Necr       0%         N/A       100%        6
 Starburst                Conj/Fire      0%         6d3       100%        6
 Statue Form              Tmut/Erth      0%         N/A       100%        6
 Dragon Form              Tmut           0%         N/A       100%        7
 Maxwell's Capacitive Co  Air            0%         ∞         100%        8


Dungeon Overview and Level Annotations

Branches:
Dungeon (13/15)            Temple (1/1) D:5            Lair (5/5) D:10
  Swamp (0/4) Lair:2       Spider (0/4) Lair:3        Slime (0/5) Lair:5
    Orc (0/2) D:12         Vaults (0/5) D:13        Ossuary (visited)
 Bailey (visited)

Altars:
Ashenzari
Cheibriados
Dithmenos
Elyvilon
Fedhas
Gozag
Hepliaklqana
Kikubaaqudgha
Makhleb
Nemelex Xobeh
Okawaru
Qazlal
Ru
Sif Muna
Trog
Uskayaw
Vehumet
Wu Jian
Xom
Yredelemnul
Zin
The Shining One
Jiyva

Shops:
D:5 ?

Annotations:
Lair:1 exclusion: oklob plant
Lair:4 exclusion: oklob plant


Innate Abilities, Weirdness & Mutations

You have a pair of horns on your head.
You reflexively headbutt those who attack you in melee.


Message History

The skyshark tail-slaps you!
* * * LOW HITPOINT WARNING * * *
The komodo dragon bites you but does no damage.
You are too injured to fight recklessly!
You are too injured to fight recklessly!
You are too injured to fight recklessly!
You are too injured to fight recklessly!
You are too injured to fight recklessly!
You are too injured to fight recklessly!
You are too injured to fight recklessly!
You are too injured to fight recklessly!
You are too injured to fight recklessly!
You are too injured to fight recklessly!
You are too injured to fight recklessly!
You are too injured to fight recklessly!
You are too injured to fight recklessly!
You are too injured to fight recklessly!
You are too injured to fight recklessly!
You stomp with the beat, sending a shockwave through the revellers around you!
You kill the skyshark!
The komodo dragon is heavily wounded.
You can no longer merge with and destroy a victim.
The komodo dragon closely misses you.
You can now merge with and destroy a victim.
Your Short Blades skill increases to level 13!
You stomp with the beat, sending a shockwave through the revellers around you!
The blink frog is heavily wounded.
The komodo dragon is almost dead.
You can no longer merge with and destroy a victim.
The blink frog hits you!
* * * LOW HITPOINT WARNING * * *
The komodo dragon bites you!!
* * * LOW HITPOINT WARNING * * *
Uskayaw links your audience in an emotional bond!
As you read the scroll of fear, it crumbles to dust.
You assume a fearsome visage.
The blink frog looks frightened!
The komodo dragon looks frightened!
The komodo dragon resists with almost no effort.
The blink frog blinks!
The komodo dragon bites you.
You die...

... #......... ..
#......... ###
#.........
#####..###........
#.P...#..........P
#.......~~~≈~~~.##
#.......~♣♣♣♣♣≈..#
..#...l..~♣ ~...
......§@.~♣ ...
~.....l#.≈~~~~~~
##
~##....P........
......§.........
...#§§≈.§.......
..≈§≈§§...F.....
..#≈§≈..........
...≈≈≈..........


You could see 2 komodo dragons and a blink frog (fleeing, pain bonded).

Vanquished Creatures
  A sphinx (D:13)
  A frost giant (D:13)
  The ghost of Sufoyru the Thaumaturge, a journeyman DjCj of Ashenzari (D:12)
  A yaktaur captain (D:13)
  Harold (Lair:1)
  An ogre mage (D:13)
  3 hydras
  Erica (D:9)
  3 boulder beetles
  3 catoblepae
  The ghost of FlatIsJustice the Geomancer, a journeyman DEEE of Vehumet (Lair:1)
  4 centaur warriors (D:13)
  4 two-headed ogres
  4 death yaks (Lair:2)
  A tengu warrior (D:13)
  Urug (D:11)
  3 skysharks
  Amaemon (D:10)
  Pikel (D:7)
  2 deep elf pyromancers (D:13)
  3 orc knights (Bailey)
  A salamander (shapeshifter) (D:13)
  2 cyclopes (D:13)
  A manticore (D:12)
  An orc sorcerer (D:13)
  A black mamba (shapeshifter) (D:13)
  3 black mambas
  6 elephants
  3 gargoyles
  An orange demon (Lair:1)
  8 cane toads
  4 komodo dragons
  3 unseen horrors
  A kobold demonologist (D:12)
  3 rime drakes
  2 polar bears
  7 trolls
  6 dream sheep (Lair:4)
  17 blink frogs
  2 slime creatures (Lair:5)
  A vampire (D:13)
  2 wyverns
  46 yaks
  3 wraiths
  3 basilisks
  2 redbacks (Lair:3)
  5 vampire mosquitoes
  2 acid dragons
  Menkaure (D:6)
  Duvessa (D:7)
  11 water moccasins
  4 black bears
  13 orc warriors
  6 ogres
  12 centaurs
  3 wolves
  Blork the orc (D:6)
  4 kobold brigands
  3 lemures (D:7)
  8 bullfrogs
  2 gnoll sergeants (D:12)
  11 scorpions
  5 wights (D:8)
  Dowan (D:7)
  2 electric eels (D:10)
  5 hounds (D:5)
  3 jellies
  3 centaur zombies (Ossuary)
  4 human zombies (Ossuary)
  4 orc priests
  An iguana (D:5)
  4 scorpion zombies (Ossuary)
  A sleepcap (D:7)
  5 orc wizards
  3 mummies (Ossuary)
  18 gnolls
  4 adders
  2 white imps
  2 ufetubi
  3 worms
  6 dart slugs
  66 orcs
  3 bats
  10 endoplasms
  6 giant cockroaches
  2 gnoll zombies (Ossuary)
  7 goblins
  9 hobgoblins
  24 kobolds
  A quokka (D:1)
  14 ball pythons
  3 frilled lizards
  3 goblin zombies (Ossuary)
  A hobgoblin zombie (Ossuary)
  A kobold zombie (Ossuary)
  An orc zombie (Ossuary)
  7 rats
491 creatures vanquished.

Vanquished Creatures (others)
  A manticore (D:13)
1 creature vanquished.

Grand Total: 492 creatures vanquished

Notes
Turn   | Place    | Note
-------+----------+-------------------------------------------
     0 | D:1      | Anon1729 the Minotaur Monk began the quest for the Orb.
     0 | D:1      | Reached XP level 1. HP: 19/19 MP: 0/0
   227 | D:1      | Reached XP level 2. HP: 27/27 MP: 1/1
   307 | D:1      | Reached skill level 1 in Armour
   648 | D:1      | Reached skill level 1 in Invocations
   747 | D:1      | Reached skill level 4 in Fighting
   862 | D:1      | Reached XP level 3. HP: 33/33 MP: 2/2
  1657 | D:2      | Found a glowing silver altar of Zin.
  1837 | D:3      | Reached XP level 4. HP: 36/40 MP: 4/4
  2002 | D:3      | Found a bloodstained altar of Trog.
  2002 | D:3      | Found an iron altar of Okawaru.
  2437 | D:3      | You fall into a shaft and drop 1 floor!
  2480 | D:4      | Noticed a black bear
  2491 | D:4      | Killed a black bear
  2492 | D:4      | Reached XP level 5. HP: 28/47 MP: 5/5
  2945 | D:4      | Reached XP level 6. HP: 55/55 MP: 6/6
  2952 | D:4      | Reached skill level 5 in Fighting
  4135 | D:5      | Entered Level 5 of the Dungeon
  4159 | D:5      | Found a staircase to the Ecumenical Temple.
  4373 | Temple   | Entered the Ecumenical Temple
  4432 | D:5      | Found Qauczui's Magic Scroll Boutique.
  4440 | D:5      | Bought a scroll of identify for 24 gold pieces
  4440 | D:5      | Bought a scroll of revelation for 90 gold pieces
  4811 | D:5      | Reached XP level 7. HP: 58/61 MP: 8/8
  5027 | D:5      | Reached skill level 5 in Dodging
  5036 | D:5      | Reached skill level 5 in Short Blades
  5419 | D:5      | Bought a scroll of teleportation for 36 gold pieces
  5446 | D:6      | Noticed Blork the orc
  5455 | D:6      | Killed Blork the orc
  5465 | D:6      | Reached skill level 6 in Fighting
  5706 | D:6      | Noticed Menkaure
  5716 | D:6      | Killed Menkaure
  5717 | D:6      | Reached XP level 8. HP: 70/70 MP: 9/9
  5738 | D:6      | Found a sand-covered staircase.
  5743 | Ossuary  | Entered an ossuary
  5812 | Ossuary  | Reached skill level 5 in Armour
  6017 | Ossuary  | Reached skill level 7 in Fighting
  6376 | D:7      | Reached skill level 5 in Invocations
  6501 | D:6      | Reached XP level 9. HP: 79/79 MP: 11/11
  6580 | D:6      | Found a sparkling altar of Nemelex Xobeh.
  6711 | D:6      | Found a white marble altar of Elyvilon.
  7026 | D:7      | Noticed Duvessa
  7036 | D:7      | Killed Duvessa
  7045 | D:7      | Noticed Dowan
  7054 | D:7      | Killed Dowan
  7286 | D:7      | Noticed Pikel
  7329 | D:7      | Killed Pikel
  7330 | D:7      | Reached skill level 8 in Fighting
  8050 | D:8      | Noticed a gargoyle
  8464 | D:8      | Reached XP level 10. HP: 45/90 MP: 13/13
  8813 | D:9      | Reached skill level 9 in Fighting
  8880 | D:9      | Noticed Erica
  8899 | D:9      | Killed Erica
  9005 | D:9      | Found a flagged portal.
  9070 | Bailey   | Entered a bailey
  9232 | Bailey   | Noticed an orc knight
  9250 | Bailey   | Killed an orc knight
  9321 | Bailey   | Noticed an orc knight
  9330 | Bailey   | Noticed an orc knight
  9334 | Bailey   | Killed an orc knight
  9353 | Bailey   | Killed an orc knight
  9598 | D:9      | Reached XP level 11. HP: 84/99 MP: 15/15
 10061 | D:9      | Found a shimmering altar of Xom.
 10061 | D:9      | Found a shadowy altar of Dithmenos.
 10061 | D:9      | Found a hide-covered altar of Uskayaw.
 10061 | D:9      | Found a stormy altar of Qazlal.
 10073 | D:9      | Found an ancient bone altar of Kikubaaqudgha.
 10078 | D:9      | Found a sacrificial altar of Ru.
 10169 | D:9      | Became a worshipper of Uskayaw the Reveller
 10169 | D:9      | Reached * piety under Uskayaw
 10294 | D:8      | Reached ** piety under Uskayaw
 10297 | D:8      | Reached skill level 10 in Fighting
 10423 | D:10     | Entered Level 10 of the Dungeon
 10448 | D:10     | Found a staircase to the Lair.
 10470 | D:10     | Found a snail-covered altar of Cheibriados.
 10473 | D:10     | Found a radiant altar of Vehumet.
 10559 | D:10     | Reached *** piety under Uskayaw
 10757 | D:10     | Noticed a two-headed ogre
 10762 | D:10     | Killed a two-headed ogre
 11231 | D:11     | Noticed a two-headed ogre
 11239 | D:11     | Killed a two-headed ogre
 11499 | D:11     | Noticed Urug
 11516 | D:11     | Reached **** piety under Uskayaw
 11517 | D:11     | Killed Urug
 11581 | D:11     | Reached skill level 10 in Armour
 11820 | D:12     | Noticed Sufoyru's ghost (journeyman DjCj)
 11824 | D:12     | Found a runed translucent door.
 11866 | D:12     | Reached skill level 10 in Dodging
 12071 | D:12     | Reached skill level 11 in Fighting
 12071 | D:12     | Reached skill level 10 in Short Blades
 12219 | D:12     | Identified the +0 chain mail "Unyx" {rCorr MP+9 Int+3}
 12259 | D:12     | Found a staircase to the Orcish Mines.
 12280 | D:12     | Reached ***** piety under Uskayaw
 12287 | D:12     | Reached XP level 12. HP: 96/110 MP: 17/17
 12404 | D:12     | Killed Sufoyru's ghost
 12460 | D:13     | Noticed a two-headed ogre
 12460 | D:13     | Noticed a two-headed ogre
 12462 | D:13     | Noticed an ogre mage
 12463 | D:13     | Noticed a centaur warrior
 12468 | D:13     | Killed a two-headed ogre
 12469 | D:13     | Killed a two-headed ogre
 12532 | D:13     | Killed a centaur warrior
 12595 | D:13     | Killed an ogre mage
 12668 | D:13     | Found a gate to the Vaults.
 12676 | D:13     | Noticed a tengu warrior
 12692 | D:13     | Killed a tengu warrior
 12726 | D:13     | Noticed a centaur warrior
 12735 | D:13     | Killed a centaur warrior
 12892 | D:13     | Reached skill level 12 in Fighting
 12968 | D:13     | Noticed a centaur warrior
 12977 | D:13     | Killed a centaur warrior
 12997 | D:13     | Noticed a centaur warrior
 13009 | D:13     | Killed a centaur warrior
 13015 | D:13     | Noticed a frost giant
 13272 | D:13     | Noticed a five-headed hydra
 13284 | D:13     | Killed a five-headed hydra
 13331 | D:13     | Identified the +5 chain mail "Pizej" {rF+ rN+ Str+3}
 13403 | D:13     | Reached skill level 10 in Invocations
 13453 | D:13     | Noticed a sphinx
 13454 | D:13     | Noticed a yaktaur captain
 13463 | D:13     | Killed a yaktaur captain
 13465 | D:13     | Killed a sphinx
 13466 | D:13     | Reached XP level 13. HP: 80/119 MP: 19/19
 13469 | D:13     | Identified the +5 spear of Instant Death {flame, rC+}
 13490 | D:13     | Identified the +0 plate armour of Polish {+Inv rPois rF+
                  | rN+}
 13567 | D:13     | Killed a frost giant
 13890 | Lair:1   | Entered Level 1 of the Lair of Beasts
 13957 | Lair:1   | Reached skill level 1 in Evocations
 13980 | Lair:1   | Noticed Harold
 13997 | Lair:1   | Killed Harold
 14014 | Lair:1   | Noticed Amaemon
 14390 | D:10     | Killed Amaemon
 14391 | D:10     | Reached skill level 13 in Fighting
 14627 | Lair:1   | Found a large runed translucent door.
 14628 | Lair:1   | Found a large runed translucent door.
 14629 | Lair:1   | Noticed FlatIsJustice's ghost (journeyman DEEE)
 15035 | Lair:1   | Killed FlatIsJustice's ghost
 15089 | Lair:2   | Found a staircase to the Swamp.
 15171 | Lair:2   | Reached ****** piety under Uskayaw
 15342 | Lair:2   | Found a glowing golden altar of the Shining One.
 16205 | Lair:3   | Reached XP level 14. HP: 121/129 MP: 21/21
 16214 | Lair:3   | Found a basalt altar of Yredelemnul.
 16450 | Lair:3   | Found a hole to the Spider Nest.
 17691 | Lair:5   | Entered Level 5 of the Lair of Beasts
 17780 | Lair:5   | Found a staircase to the Slime Pits.
 17784 | Lair:5   | Found a viscous altar of Jiyva.
 17808 | Lair:5   | Reached skill level 14 in Fighting
 17902 | Lair:5   | HP: 2/132 [komodo dragon (22)]
 17903 | Lair:5   | Slain by a komodo dragon

Illustrated notes

Levels and vault maps discovered:
D:1:      dpeg_arrival_concentric_ovals, layout_basic, nrook_mini_vaults
D:2:      layout_basic, basic_altar
D:3:      layout_basic, grunt_temple_overflow_bloody_war,
          amcnicky_mini_pool_small
D:4:      layout_layer_cave
D:5:      layout_loops_ring, minmay_temple_entry_glass, serial_shops, shop,
          chequers_serial_rivers_small_3
D:6:      layout_rooms, mainiacjoe_overflow_brackets, elyvilon_altar_5,
          nicolae_ossuary_entry_plus, feat_on_display, uniq_blork_the_orc,
          uniq_menkaure
D:7:      layout_gridville, uniq_duvessa, uniq_pikel
D:8:      layout_basic, special_room [special_room_orc]
D:9:      layout_cave_pods, minmay_overflow_temple_hex, enter_bailey_7,
          uniq_erica
D:10:     layout_long_grid, nicolae_overflow_squiral, lair_entry_dummy,
          nicolae_letterblocks [nicolae_letter_subblock,
          nicolae_letter_subblock, nicolae_letter_subblock,
          nicolae_letter_subblock, nicolae_letter_subblock,
          nicolae_letter_subblock, nicolae_letter_subblock,
          nicolae_letter_subblock, nicolae_letter_subblock,
          nicolae_letter_subblock, nicolae_letter_subblock,
          nicolae_letter_subblock, nicolae_letter_subblock,
          nicolae_letter_subblock, nicolae_letter_subblock,
          nicolae_letter_subblock, nicolae_letter_subblock,
          nicolae_letter_subblock, nicolae_letter_subblock,
          nicolae_letter_subblock, nicolae_letter_subblock,
          nicolae_letter_subblock, nicolae_letter_subblock,
          nicolae_letter_subblock, nicolae_letter_subblock]
D:11:     layout_roguey, uniq_urug
D:12:     layout_rooms, kennysheep_orc_monster_closet_entryway,
          hellmonk_ghost_happy_afterlife
D:13:     minmay_the_grid_plus [minmay_the_grid_tri_star, minmay_the_grid_eight,
          minmay_the_grid_paths, minmay_the_grid_odd_star,
          minmay_the_grid_prize_diamond_cup], layout_basic, david_vaults_2
Temple:   nicolae_temple_ecumenical_triangle
Lair:1:   layout_regular_city, ebering_ghost_disaster_area,
          dpeg_stationary_puzzle, grunt_megastairs_3, uniq_amaemon, uniq_harold
Lair:2:   layout_cave_pods, swamp_mist_pool, basic_altar
Lair:3:   layout_small_grid, spider_nest_entry_webs, basic_altar,
          grunt_megastairs_5, serial_bayou_shore_b
Lair:4:   layout_hall_layers, nzn_sisyphean_effort
Lair:5:   minmay_lair_end_enchanted_forest, layout_gridlike,
          minmay_slime_entry_pillars, minivault_27, wad_woods_03,
          serial_bayou_shore_b, infiniplex_staircase_pool

Skill      XL: |  1  2  3  4  5  6  7  8  9 10 11 12 13 14 |
---------------+-------------------------------------------+-----
Armour         | 1 2 3 4 6 7 9 10 11 12 13 | 13.5
Invocations    | 1 2 3 5 6 7 8 10 11 | 11.4
Fighting       | 4 5 6 7 8 9 11 12 13 14 | 14.1
Dodging        | 4 5 6 7 9 10 11 12 | 12.9
Short Blades   | 4 5 6 7 9 10 11 12 13 | 13.0
Evocations     | 3 4 |  4.7

Action                     |  1- 3 |  4- 6 |  7- 9 | 10-12 | 13-15 || total
---------------------------+-------+-------+-------+-------+-------++-------
  Melee: Short sword       |    96 |   137 |   334 |   391 |   541 ||  1499
         Headbutt          |    26 |    37 |   152 |   211 |   194 ||   620
         Dagger            |       |       |   133 |   229 |       ||   362
 Invoke: Stomp             |       |       |       |     3 |     2 ||     5
  Evoke: Wand              |       |     1 |     1 |     3 |       ||     5
    Use: Scroll            |       |     9 |     3 |     6 |     5 ||    23
         Potion            |       |       |       |     1 |       ||     1
   Stab: Paralysed         |       |       |       |    29 |    39 ||    68
         Petrified         |       |       |       |       |     4 ||     4
         Petrifying        |       |       |       |       |     3 ||     3
 Armour: Robe              |     3 |       |       |       |       ||     3
         Chain mail        |    17 |    31 |   171 |   161 |   164 ||   544
  Dodge: Dodged            |    50 |   101 |   278 |   427 |   343 ||  1199

Table legend: (Time is in decaauts)
 A = Elapsed time spent in this place.
 B = Non-inter-level travel time spent in this place.
 C = Inter-level travel time spent in this place.
 D = Time resting spent in this place.
 E = Time spent auto-exploring this place.
 F = Levels seen in this place.
 G = Mean time per level.
                   A        B        C        D        E       F      G
               +--------+--------+--------+--------+--------+-----+--------+
         Total |  17231 |  16041 |   1190 |   1132 |  12179 |  21 |  820.5 |
       Dungeon |  12915 |  11860 |   1055 |    965 |   9065 |  13 |  993.5 |
        Temple |     43 |     36 |      7 |      0 |     31 |   1 |   43.0 |
          Lair |   3413 |   3287 |    126 |     86 |   2657 |   5 |  682.6 |
       Ossuary |    526 |    526 |      0 |      0 |    320 |   1 |  526.0 |
        Bailey |    332 |    332 |      0 |     81 |    105 |   1 |  332.0 |
               +--------+--------+--------+--------+--------+-----+--------+

Top non-repeatable levels by time:
     D:5: 1388 daAuts
     D:4: 1353 daAuts
     D:1: 1263 daAuts
    D:13: 1200 daAuts
    D:10: 1120 daAuts
     D:9: 1078 daAuts
  Lair:2: 966 daAuts
     D:7: 944 daAuts
     D:3: 941 daAuts
     D:8: 940 daAuts
  Lair:1: 817 daAuts
     D:6: 806 daAuts
  Lair:3: 782 daAuts
    D:12: 725 daAuts
  Lair:4: 688 daAuts
